 Dungeon Crawl Stone Soup version 0.26.0-45-g9c1d065592 (webtiles) character file.

Game seed: 15604022989333534717

(classic levelgen) 473 thiole the Stinger (level 7, 0/46 HPs)
             Began as an Octopode Venom Mage on Jan 30, 2021.
             Slain by a wraith (3 damage)
             ... in an ossuary.
             The game lasted 00:10:32 (3437 turns).

thiole the Stinger (Octopode Venom Mage)            Turns: 3437, Time: 00:10:32

Health: 0/46       AC:  2    Str:  6 (8)  XL:     7   Next: 10%
Magic:  4/10       EV: 13    Int: 16 (19) God:
Gold:   250        SH:  0    Dex: 10 (12) Spells: 3/10 levels left

rFire    . . .     SeeInvis .   n - +3 quarterstaff (chaos)
rCold    . . .     Faith    .   (shield currently unavailable)
rNeg     . . .     Spirit   .   l - +1 hat
rPois    .         Reflect  .   (no amulet)
rElec    .         Harm     .   (no ring)
rCorr    .         Rampage  .   (no ring)
Will     .....                  (no ring)
Stlth    +++.......             (no ring)
HPRegen  0.15/turn              (no ring)
MPRegen  0.12/turn              (no ring)
                                (no ring)
                                (no ring)

@: slowed, very slow
A: almost no armour, stealthy swim, amphibious, 8 rings, constrict 8, camouflage
1, gelatinous body 1
a: no special abilities


You were in an ossuary.
You visited 1 branch of the dungeon, and saw 4 of its levels.
You also visited: Ossuary.

You collected 250 gold pieces.

Inventory:

Hand Weapons
 m - a +1 vampiric hand axe
 n - a +3 quarterstaff of chaos (weapon)
 r - a +1 spear of freezing
 s - a +1 dagger of speed
Armour
 l - a +1 hat (worn)
Jewellery
 c - an uncursed ring of stealth {unknown}
Scrolls
 a - a scroll of fear {unknown}
 d - 4 scrolls of identify {unknown}
 e - a scroll of enchant weapon {unknown}
 f - a scroll of remove curse {unknown}
 h - a scroll of amnesia {unknown}
 i - a scroll of noise {unknown}
 q - a scroll of enchant armour {unknown}
Potions
 b - a potion of flight
 g - 3 potions of attraction


   Skills:
 - Level 3.0 Fighting
 - Level 2.0 Dodging
 - Level 4.0 Stealth
 - Level 2.0 Spellcasting
 - Level 2.0 Conjurations
 + Level 3.6 Transmutations
 - Level 2.0 Fire Magic
 - Level 3.0 Air Magic
 - Level 4.0 Poison Magic


You had 3 spell levels left.
You knew the following spells:

 Your Spells              Type           Power        Failure   Level
a - Sting                 Tmut/Pois      52%          4%          1
b - Ignite Poison         Fire/Tmut/Pois 11%          17%         3
c - Mephitic Cloud        Conj/Pois/Air  11%          19%         3

Your spell library contained the following spells:

 Spells                   Type           Power        Failure   Level
 Poisonous Vapours        Pois/Air       24%          8%          2
 Magic Dart               Conj           32%          9%          1
 Conjure Flame            Conj/Fire      8%           26%         3
 Blink                    Tloc           N/A          30%         2
 Call Imp                 Summ           1%           30%         2
 Slow                     Hex            1%           30%         2
 Olgreb's Toxic Radiance  Pois           14%          36%         4


Dungeon Overview and Level Annotations

Branches:
Dungeon (4/15)            Ossuary (1/1)
 Temple: D:4-7

Altars:
Fedhas
Kikubaaqudgha
Okawaru
The Shining One


Innate Abilities, Weirdness & Mutations

You cannot wear most types of armour.
You are very stealthy in the water. (Stealth+)
You are amphibious.
You can wear up to eight rings at the same time.
You can use your tentacles to constrict eight enemies at once.
Your skin changes colour to match your surroundings (Stealth+).
Your rubbery body absorbs attacks. (AC +1, EV +1)


Message History

The wraith hits you but does no damage.
It was a potion of might.
You feel very mighty all of a sudden. The wraith hits you but does no damage.
The wraith barely misses you.
It was a potion of cancellation.
Your magical effects are unravelling.
You feel magically purged.
You feel less wooden.
Your +1 hat unmelds from your body.
You feel yourself speed up.
You feel a little less mighty now. The wraith hits you!
* * * LOW HITPOINT WARNING * * *
The wraith drains your vigour!
You feel yourself slow down.
Casting: Mephitic Cloud (dangerous; 19% risk of failure)
Confirm with . or Enter, or press ? or * to list all spells.
Okay, then.
You hit the wraith.
The wraith is lightly damaged.
The wraith misses you. The wraith hits you.
You die...

##.....## ##...##
#############'''######
#.....................
#.....................
#..###..###..###..###.
#..#.#..#!#..# ..#
#^.#'#..#'#..# #..#
#..#.#..#@#..#.#..#
#........ZWZ.......
#................ ..
#..####......###. #^.#
+...8...# #..#
##......# #.^.
^......# #...
.......... #..
###.####....


You could see a wraith, a hobgoblin zombie and a kobold zombie.

Vanquished Creatures
  A phantom (D:4)
  A scorpion (D:4)
  A howler monkey (D:4)
  A human zombie (D:4)
  Crazy Yiuf (D:2)
  An orc wizard (D:4)
  A worker ant (D:4)
  A mummy (Ossuary)
  6 adders
  4 gnolls (D:4)
  An ooze (D:1)
  A worm (D:3)
  6 dart slugs
  2 leopard geckos
  5 orcs
  11 bats
  A giant cockroach (D:2)
  2 goblins
  5 hobgoblins
  6 kobolds
  A ball python (D:3)
  2 frilled lizards
  A goblin zombie (Ossuary)
  2 kobold zombies (Ossuary)
  A leopard gecko skeleton (D:4)
  4 rats
69 creatures vanquished.

Notes
Turn   | Place    | Note
-------+----------+-------------------------------------------
     0 | D:1      | thiole the Octopode Venom Mage began the quest for the Orb.
     0 | D:1      | Reached XP level 1. HP: 11/11 MP: 3/3
   166 | D:1      | Reached skill level 1 in Fighting
   166 | D:1      | Reached XP level 2. HP: 18/18 MP: 0/5
   574 | D:1      | Reached XP level 3. HP: 24/24 MP: 3/6
   607 | D:1      | Found an iron altar of Okawaru.
  1156 | D:2      | Reached XP level 4. HP: 29/30 MP: 1/7
  1388 | D:2      | Found an ancient bone altar of Kikubaaqudgha.
  1389 | D:2      | Found a blossoming altar of Fedhas.
  1531 | D:2      | Learned a level 3 spell: Ignite Poison
  1535 | D:2      | Learned a level 3 spell: Mephitic Cloud
  1579 | D:2      | Found a glowing golden altar of the Shining One.
  1702 | D:2      | Found a runed translucent door.
  1703 | D:2      | Noticed Crazy Yiuf
  1712 | D:2      | Killed Crazy Yiuf
  1713 | D:2      | Reached skill level 1 in Air Magic
  1845 | D:3      | Reached skill level 1 in Fire Magic
  1955 | D:3      | Reached XP level 5. HP: 36/36 MP: 2/8
  2878 | D:4      | Reached XP level 6. HP: 40/42 MP: 6/9
  2888 | D:4      | Noticed a phantom
  2971 | D:4      | Killed a phantom
  3201 | D:4      | Reached XP level 7. HP: 20/46 MP: 3/10
  3232 | D:4      | Found a sand-covered staircase.
  3240 | Ossuary  | Entered an ossuary
  3240 | Ossuary  | Noticed a wraith
  3240 | Ossuary  | Noticed a wraith
  3240 | Ossuary  | Noticed a wraith
  3422 | Ossuary  | Noticed a wraith
  3436 | Ossuary  | HP: 2/46 [wraith (7)]
  3437 | Ossuary  | Slain by a wraith

Illustrated notes

Levels and vault maps discovered:
D:1:      mrwooster_arrival_statue_3, layout_rooms, okawaru_ov_weapons_minmay
D:2:      layout_rooms, grunt_temple_overflow_growth_and_decay,
          marbit_many_paths, minmay_misc_feat_room, uniq_crazy_yiuf_cottage
D:3:      minmay_wonky_spiral, layout_loops_ring, patterned_corridor
D:4:      layout_gridville, kennysheep_mini_moat,
          nicolae_overflow_crystal_walls, enter_ossuary_3, dk_vineyard_3
Ossuary:  ossuary_kennysheep_city_of_the_dead

Skill      XL: |  1  2  3  4  5  6 |
---------------+-------------------+-----
Poison Magic   | 4 |  4.0
Fighting       | 1 2 3 |  3.0
Stealth        | 3 4 |  4.0
Air Magic      | 1 2 3 |  3.0
Fire Magic     | 1 2 |  2.0
Conjurations   | 2 |  2.0
Transmutations | 3 |  3.6
Dodging        | |  2.0
Spellcasting   | |  2.0

Action                   |  1- 3 |  4- 6 |  7- 9 || total
-------------------------+-------+-------+-------++-------
Melee: Unarmed           |    14 |     2 |       ||    16
       Constrict         |     5 |     5 |       ||    10
       Tentacles         |     4 |     4 |       ||     8
       Quarterstaff      |       |    34 |     5 ||    39
 Cast: Sting             |    45 |    72 |       ||   117
       Mephitic Cloud    |       |     2 |     2 ||     4
       Ignite Poison     |       |     1 |     1 ||     2
  Use: Potion            |     4 |     1 |     6 ||    11
 Stab: Sleeping          |       |     1 |       ||     1
Armor: Skin              |     3 |     7 |     2 ||    12
Dodge: Dodged            |    31 |    41 |     4 ||    76
